Map: [ESL] Data-C

Players

Future - Winner!

  • Race: Terran Terran
  • Spawn Location: 3:00

Nina

  • Race: Protoss Protoss
  • Spawn Location: 9:00

Event: DreamHack SC2 Masters 2022 Atlanta (Online)

VOD

Have the link to the VOD?

Description

Time

  • Played on: Oct. 6, 2022, 4:01 p.m.
  • Length: 10:27

All games in this series

Show
View Real Time Build Order
Export as new Build Order

Future Terran - Winner!

Build Orders:  

Get SALT Encoding   

  12  0:00  SCV  
  13  0:12  SCV  
  14  0:17  Supply Depot  
  14  0:24  SCV  
  15  0:39  SCV, Barracks  
  16  0:47  Refinery  
  16  0:51  SCV  
  17  1:03  Engineering Bay, SCV  
  18  1:15  SCV  
  19  1:28  Orbital Command  
  19  1:31  Reaper  
  20  1:53  SCV  
  21  1:55  Command Center  
  21  2:02  Marine  
  21  2:05  Supply Depot, SCV  
  23  2:10  Bunker  
  23  2:21  Barracks Reactor  
  23  2:26  Factory  
  23  2:27  SCV  
  24  2:39  SCV  
  24  2:40  Refinery  
  25  2:51  SCV  
  25  2:57  Marine x2  
  28  3:03  SCV  
  29  3:08  Orbital Command  
  29  3:11  Widow Mine, Starport  
  31  3:15  SCV, Marine x2  
  34  3:28  SCV  
  34  3:32  Widow Mine  
  34  3:33  Supply Depot, Marine x2  
  34  3:34  SCV  
  40  3:40  SCV  
  41  3:46  SCV  
  41  3:48  Medivac  
  41  3:50  Marine  
  41  3:51  Marine  
  41  3:52  SCV  
  41  3:55  Widow Mine  
  48  3:58  SCV  
  48  4:00  Supply Depot  
  49  4:04  SCV  
  49  4:08  Barracks  
  50  4:10  SCV  
  50  4:11  Marine  
  50  4:12  Marine  
  50  4:16  SCV  
  54  4:17  Factory Tech Lab  
  54  4:20  Starport Tech Lab  
  54  4:22  SCV  
  55  4:26  Supply Depot  
  55  4:28  SCV  
  56  4:31  Refinery  
  56  4:34  SCV, Marine x2  
  59  4:39  Raven  
  59  4:40  SCV  
  59  4:44  Barracks  
  62  4:47  SCV  
  63  4:52  SCV  
  63  4:55  Supply Depot  
  63  4:58  Marine  
  63  4:59  Marine  
  66  5:00  Factory Reactor  
  66  5:01  SCV  
  66  5:05  SCV  
  66  5:06  Supply Depot  
  68  5:12  Stimpack  
  68  5:14  SCV  
  67  5:17  SCV  
  67  5:18  Engineering Bay  
  67  5:19  Refinery  
  67  5:21  Marauder, Marine  
  70  5:23  Marine  
  70  5:26  SCV  
  73  5:29  SCV  
  70  5:38  Supply Depot  
  70  5:39  Combat Shield  
  72  5:44  Terran Infantry Weapons Level 1  
  72  5:45  Supply Depot  
  72  5:46  Marauder x2  
  72  5:47  Marine x2  
  78  5:51  Medivac x2  
  78  5:52  Factory Reactor  
  80  6:02  Supply Depot  
  80  6:04  Marine  
  80  6:05  Marine  
  80  6:08  Supply Depot, Marauder x2  
  86  6:19  Command Center  
  86  6:22  Marine x2  
  88  6:29  Medivac, Marauder x2  
  88  6:30  Medivac  
  96  6:35  Widow Mine  
  96  6:36  Widow Mine  
  98  6:40  Marine x2  
  98  6:46  Barracks  
  100  6:47  Barracks  
  100  6:49  Supply Depot  
  100  6:50  Marauder  
  100  6:51  Marauder  
  104  6:58  Marine x2  
  104  7:11  Reaper  
  104  7:12  Marauder  
  98  7:16  Marine  
  98  7:18  Marine  
  87  7:27  Widow Mine x2  
  87  7:29  Medivac  
  89  7:30  Medivac  
  89  7:33  Marine, Marauder, Orbital Command  
  89  7:34  SCV x2  
  89  7:38  Terran Infantry Armor Level 1, Marine  
  89  7:44  Marauder  
  89  7:48  Widow Mine x2  
  89  7:49  SCV x2  
  89  7:50  Barracks Reactor, Barracks Tech Lab  
  95  7:51  Marine  
  95  7:55  Marauder  
  95  7:57  Marine  
  99  7:59  Orbital Command  
  99  8:01  SCV x2  
  103  8:05  Liberator, Marauder  
  103  8:06  Liberator  
  103  8:12  Marauder, Marine  
  112  8:13  SCV x2  
  112  8:14  Widow Mine x2  
  112  8:15  Marine  
  112  8:16  Marauder  
  121  8:24  SCV  
  121  8:25  Supply Depot, SCV x2  
  121  8:27  Bunker, Marauder  
  126  8:28  Marine x2  
  128  8:34  Marauder, Marine x2  
  128  8:35  Widow Mine  
  128  8:40  SCV x2  
  136  8:43  SCV  
  136  8:44  Supply Depot  
  136  8:45  Supply Depot  
  137  8:54  Marauder x2, Marine  
  140  9:01  Marauder, Marine x2  
  143  9:03  SCV  
  143  9:04  SCV  
  143  9:06  Viking  
  143  9:07  Viking  
  144  9:13  Widow Mine x2  
  144  9:15  Marauder  
  147  9:20  Command Center  
  147  9:26  Marauder x2  
  147  9:27  Marine  
  152  9:34  Marine x2  
  152  9:35  Widow Mine x2  
  152  9:36  Marauder  
  157  9:40  Viking  
  157  9:41  Viking  
  157  9:43  Ghost Academy  
  155  9:46  Marine  
  155  9:47  Marine  
  155  9:52  Marine  
  149  9:53  Marine  
  149  9:57  Widow Mine x2  
  151  10:01  Marauder  
  151  10:02  Marauder x2  
  146  10:08  Marine x2  
  150  10:15  Refinery  
  150  10:17  Refinery  
Show
View Real Time Build Order
Export as new Build Order

Nina Protoss 

Build Orders: 1 Gate Expand, Blink Stalkers 

Get SALT Encoding   

  12  0:00  Probe  
  13  0:12  Probe  
  14  0:17  Pylon  
  14  0:24  Probe (Chrono Boost)  
  15  0:36  Probe (Chrono Boost)  
  15  0:37  Gateway  
  16  0:44  Probe (Chrono Boost)  
  16  0:48  Assimilator  
  17  0:51  Probe  
  18  1:03  Probe  
  19  1:15  Probe  
  20  1:28  Cybernetics Core  
  20  1:44  Nexus  
  20  1:52  Pylon  
  20  1:56  Probe  
  21  2:01  Assimilator  
  21  2:06  Stalker (Chrono Boost)  
  21  2:12  Probe  
  21  2:15  Warp Gate  
  24  2:25  Probe  
  24  2:26  Stalker (Chrono Boost)  
  27  2:37  Probe  
  27  2:49  Probe  
  28  2:52  Twilight Council  
  28  2:58  Probe (Chrono Boost)  
  28  3:04  Probe (Chrono Boost)  
  30  3:10  Probe (Chrono Boost)  
  31  3:16  Probe x2 (Chrono Boost), Gateway  
  33  3:21  Robotics Facility  
  33  3:25  Probe x2  
  35  3:29  Blink (Chrono Boost)  
  35  3:37  Probe x2  
  37  3:49  Probe x2  
  37  3:51  Shield Battery  
  39  3:56  Pylon  
  39  4:01  Probe x2  
  41  4:03  Stalker  
  41  4:06  Assimilator  
  41  4:08  Observer (Chrono Boost)  
  44  4:11  Stalker  
  44  4:14  Probe x2  
  44  4:15  Pylon  
  48  4:25  Pylon  
  48  4:26  Probe x2  
  48  4:27  Stalker  
  53  4:38  Probe  
  53  4:41  Robotics Bay  
  53  4:45  Probe  
  54  4:48  Stalker, Assimilator  
  54  4:51  Probe  
  57  4:57  Pylon  
  57  4:59  Probe (Chrono Boost)  
  53  5:03  Probe (Chrono Boost)  
  53  5:13  Nexus  
  54  5:16  Probe (Chrono Boost)  
  54  5:17  Probe (Chrono Boost)  
  55  5:25  Disruptor (Chrono Boost)  
  55  5:26  Probe  
  56  5:29  Charge  
  56  5:31  Probe  
  58  5:38  Probe  
  58  5:39  Observer  
  59  5:42  Stalker x2  
  59  5:43  Probe  
  64  5:55  Gateway  
  64  5:56  Observer, Pylon  
  64  5:57  Disruptor  
  64  6:03  Probe x2  
  69  6:06  Gateway  
  69  6:11  Sentry  
  71  6:12  Gateway  
  71  6:18  Zealot  
  73  6:20  Pylon  
  73  6:23  Observer  
  73  6:25  Gateway  
  73  6:29  Probe x2  
  72  6:40  Zealot x2  
  72  6:42  Shield Battery  
  72  6:45  Gateway  
  72  6:46  Pylon  
  76  6:48  Probe  
  76  6:50  Probe  
  76  6:52  Zealot  
  80  7:01  Zealot x2  
  82  7:06  Zealot  
  78  7:14  Zealot  
  71  7:16  Zealot  
  71  7:19  Zealot  
  71  7:21  Probe  
  71  7:22  Colossus (Chrono Boost)  
  74  7:27  Zealot x2  
  75  7:32  Stalker  
  73  7:37  Zealot  
  73  7:38  Zealot  
  73  7:39  Probe (Chrono Boost)  
  73  7:40  Probe (Chrono Boost)  
  73  7:42  Probe (Chrono Boost)  
  76  7:46  Zealot x2  
  81  7:51  Probe (Chrono Boost)  
  81  7:53  Shield Battery  
  81  7:54  Probe (Chrono Boost)  
  81  7:55  Sentry, Probe (Chrono Boost)  
  81  7:57  Sentry  
  87  7:58  Probe (Chrono Boost)  
  87  8:00  Probe (Chrono Boost)  
  87  8:01  Probe (Chrono Boost), Stalker  
  92  8:05  Probe  
  92  8:08  Zealot  
  92  8:10  Zealot  
  92  8:11  Probe  
  99  8:18  Templar Archives  
  99  8:22  Colossus (Chrono Boost)  
  99  8:24  Pylon  
  99  8:25  Probe  
  105  8:27  Stalker  
  105  8:29  Probe x2  
  105  8:32  Extended Thermal Lance  
  109  8:36  Zealot  
  109  8:38  Zealot  
  113  8:45  Zealot x3  
  117  8:50  Zealot  
  117  8:52  Zealot  
  116  8:59  Zealot x2  
  116  9:02  Pylon  
  120  9:04  Pylon  
  118  9:11  Probe  
  118  9:12  High Templar x2  
  118  9:15  Assimilator  
  118  9:17  Archon, High Templar  
  123  9:18  High Templar, Assimilator  
  123  9:21  Pylon  
  123  9:22  Archon  
  125  9:26  Pylon  
  125  9:28  Pylon x2  
  125  9:30  Forge  
  123  9:32  Zealot, Forge  
  105  9:40  Stalker  
  105  9:42  Probe  
  105  9:44  Probe  
  83  9:55  High Templar x2  
  79  10:01  Archon  
  75  10:11  Probe  
  76  10:15  Stalker x2  
Tags
 
Add a new tag
Caveats
  • Supply blocks, unpowered buildings, or Contaminate may cause inaccurate times.
  • Supply counts are checked every 10 seconds.